 Dungeon Crawl Stone Soup version 0.30-a0-782-ge64f9170bb (webtiles) character file.

Game seed: 16099890801787708798

652389 Anon1729 the Minotaur Blade (level 27, -12/248 HPs)
             Began as a Minotaur Monk on Feb 22, 2023.
             Was an Elder of Uskayaw.
             Killed by something's death curse (23 damage)
             ... on level 17 of a ziggurat on Feb 23, 2023.
             The game lasted 02:30:35 (58466 turns).

Anon1729 the Minotaur Blade (Minotaur Monk)        Turns: 58466, Time: 02:30:36

Health: -12/248    AC: 48    Str: 17    XL:     27
Magic:  37/37      EV: 18    Int:  7    God:    Uskayaw [****..]
Gold:   5343       SH:  0    Dex: 25    Spells: 29/32 levels left

rFire   . . .      SeeInvis +    a - +8 autumn katana {manifold assault}
rCold   + . .      Faith    .    f - orb {mayhem}
rNeg    . . .      Spirit   .    q - +15 plate armour of Jyqaf {Fly}
rPois   +          Reflect  .    R - +2 hat {Will+}
rElec   +          Harm     .    x - +0 cloak "Tath" {rC+ Regen+}
rCorr   +          Rampage  +    B - +2 pair of gloves {Stlth+}
Will    +++..      Clarity  +    P - +2 pair of boots {rampage}
Stlth   ++++++                   L - amulet "Vuonis Ugar" {rElec rPois Regen+ Int-4 Dex+3}
HPRegen 2.21/turn                O - ring "Damuov" {rCorr Int+2 SInv}
MPRegen 0.25/turn                C - ring of Shadows {Umbra +Inv Stlth+}

@: flying, wreathed by umbra, studying 3 skills
A: horns 2, retaliatory headbutt, claws 1, iridescent scales 1, clarity, weak 1
}: 4/15 runes: serpentine, barnacled, silver, abyssal
a: Renounce Religion, Evoke Invisibility, Stomp, Line Pass


You were on level 17 of a ziggurat.
You worshipped Uskayaw.
Uskayaw was greatly pleased with you.
You visited 10 branches of the dungeon, and saw 48 of its levels.
You visited the Abyss 1 time.
You visited 1 ziggurat, and saw 17 of its levels.
You also visited: Trove, Gauntlet and Ice Cave.

You collected 9944 gold pieces.
You spent 4601 gold pieces at shops.

Inventory:

Hand Weapons
 a - the +8 autumn katana (weapon) {manifold assault}
   (You bought it in a shop on level 1 of the Dungeon)

   Manifold Assault: It sometimes launches melee attacks against multiple
   visible enemies.
 g - the +7 Spriggan's Knife {stab, EV+4 Stlth+}
   (You found it on level 6 of a ziggurat)

   Stab:      It is more effective when stabbing unaware enemies, sometimes
   treating them as though they were completely helpless.
   EV:        It affects your evasion (+4).
   Stlth:     It makes you more stealthy.
Armour
 f - an orb of mayhem (worn)
 q - the +15 plate armour of Jyqaf (worn) {Fly}
   (You acquired it on level 1 of the Depths)

   Fly:       It grants you flight.
 x - the +0 cloak "Tath" (worn) {rC+ Regen+}
   (You found it on level 3 of the Elven Halls)

   rC:        It protects you from cold.
   Regen:     It increases your rate of health regeneration.
 B - a +2 pair of gloves of stealth (worn)
 P - a +2 pair of boots of rampaging (worn)
 R - a +2 hat of willpower (worn)
 Z - a +3 buckler of protection
Jewellery
 b - the ring of the Jackalope {rPois rF+}
   (You found it on level 5 of the Vaults)

   [ring of poison resistance]

   rF:        It protects you from fire.
   rPois:     It protects you from poison.
 C - the ring of Shadows (right hand) {Umbra +Inv Stlth+}
   (You took it off a deep elf pyromancer on level 3 of the Elven Halls)

   [ring of stealth]

   Umbra:     It surrounds you with an aura of shadow, increasing your stealth
   and reducing the accuracy of all others within it.
   +Inv:      It lets you turn invisible.
   Stlth:     It makes you more stealthy.
 G - the ring "Taezi" {rC+ rN+ Str+3 Dex+4}
   (You found it in an ice cave)

   [ring of protection from cold]

   Str:       It affects your strength (+3).
   Dex:       It affects your dexterity (+4).
   rC:        It protects you from cold.
   rN:        It protects you from negative energy.
 L - the amulet "Vuonis Ugar" (around neck) {rElec rPois Regen+ Int-4 Dex+3}
   (You bought it in a shop on level 10 of the Dungeon)

   [amulet of regeneration]

   Int:       It affects your intelligence (-4).
   Dex:       It affects your dexterity (+3).
   rElec:     It insulates you from electricity.
   rPois:     It protects you from poison.
   Regen:     It increases your rate of health regeneration.
 M - the ring of Dishonour {rF- Str+6 Int+2 Dex+4}
   (You found it on level 10 of a ziggurat)

   [ring of strength]

   Str:       It affects your strength (+6).
   Int:       It affects your intelligence (+2).
   Dex:       It affects your dexterity (+4).
   rF:        It makes you vulnerable to fire.
 O - the ring "Damuov" (left hand) {rCorr Int+2 SInv}
   (You found it in a treasure trove)

   [ring of resist corrosion]

   Int:       It affects your intelligence (+2).
   SInv:      It lets you see invisible.
   rCorr:     It protects you from acid and corrosion.
 Y - the ring of Tender Moments {rElec Will+}
   (You found it in a Gauntlet)

   [ring of willpower]

   rElec:     It insulates you from electricity.
   Will:      It increases your willpower.
Wands
 n - a wand of flame (39)
 o - a wand of roots (30)
 v - a wand of digging (9)
 y - a wand of polymorph (23)
 H - a wand of mindburst (17)
 K - a wand of quicksilver (28)
 Q - a wand of paralysis (15)
Scrolls
 e - 10 scrolls of poison
 j - 35 scrolls of teleportation
 s - 8 scrolls of vulnerability
 t - 6 scrolls of blinking
 u - 12 scrolls of fear
 z - 10 scrolls of fog
 N - 12 scrolls of immolation
 T - 4 scrolls of silence
 V - 5 scrolls of summoning
 W - 2 scrolls of brand weapon
Potions
 c - 7 potions of ambrosia
 d - 6 potions of flight
 i - 7 potions of haste
 k - 16 potions of lignification
 l - 2 potions of cancellation
 m - 11 potions of attraction
 r - 20 potions of curing
 w - 20 potions of brilliance
 D - 11 potions of might
 E - 4 potions of invisibility
 F - 8 potions of heal wounds
 J - 3 potions of resistance
 S - 9 potions of mutation
 U - 3 potions of berserk rage
Miscellaneous
 h - a piece from Xom's chessboard (15/15)
 p - a box of beasts
 A - a phial of floods
 I - a condenser vane (inert)
 X - a tin of tremorstones (1/2)


   Skills:
 + Level 20.7 Fighting
 + Level 25.0 Long Blades
 - Level 4.2 Axes
 - Level 5.0 Throwing
 + Level 21.0 Armour
 + Level 19.0 Dodging
 + Level 15.1 Stealth
 * Level 20.6 Shields
 - Level 3.4 Spellcasting
 - Level 4.0 Translocations
 - Level 4.0 Transmutations
 - Level 4.0 Earth Magic
 * Level 22.9 Invocations
 + Level 14.4 Evocations


You had 29 spell levels left.
You knew the following spells:

 Your Spells              Type           Power      Damage    Failure   Level
a - Apportation           Tloc           12%        N/A       52%         1
b - Passwall              Tmut/Erth      5%         N/A       65%         2

Your spell library contained the following spells:

 Spells                   Type           Power      Damage    Failure   Level
 Beastly Appendage        Tmut           12%        N/A       52%         1
 Sandblast                Erth           12%        2d6       52%         1
 Blink                    Tloc           12%        N/A       65%         2
 Lesser Beckoning         Tloc           12%        N/A       65%         2
 Wereblood                Tmut           6%         N/A       65%         2
 Sting                    Tmut/Pois      12%        1d3       80%         1
 Gell's Gravitas          Tloc           6%         N/A       87%         3
 Teleport Other           Tloc           6%         N/A       87%         3
 Momentum Strike          Conj/Tloc      6%         3d8       90%         2
 Foxfire                  Conj/Fire      4%         2x1d4     97%         1
 Magic Dart               Conj           4%         1d3       97%         1
 Necrotise                Necr           4%         1d4       97%         1
 Summon Small Mammal      Summ           4%         N/A       97%         1
 Cigotuvi's Dreadful Rot  Necr/Pois/Air  2%         N/A       99%         2
 Ensorcelled Hibernation  Hex/Ice        2%         N/A       99%         2
 Poisonous Vapours        Pois/Air       2%         N/A       99%         2
 Scorch                   Fire           2%         2d5       99%         2
 Searing Ray              Conj           2%         2d4       99%         2
 Static Discharge         Conj/Air       2%         2-3/arc   99%         2
 Sublimation of Blood     Necr           1%         N/A       99%         2
 Ignite Poison            Fire/Tmut/Pois 3%         N/A       99%         3
 Kindle Blastsparks       Fire/Tloc/Air  6%         2d10      99%         3
 Portal Projectile        Hex/Tloc       6%         N/A       99%         3
 Spider Form              Tmut/Pois      3%         N/A       99%         3
 Stone Arrow              Conj/Erth      6%         3d7       99%         3
 Vhi's Electric Charge    Tloc/Air       6%         N/A       99%         3
 Manifold Assault         Tloc           6%         N/A       99%         4
 Petrify                  Tmut/Erth      6%         N/A       99%         4
 Call Canine Familiar     Summ           1%         N/A       100%        3
 Dazzling Flash           Conj/Hex       2%         N/A       100%        3
 Frozen Ramparts          Ice            2%         1d1       100%        3
 Hailstorm                Conj/Ice       1%         3d3       100%        3
 Mephitic Cloud           Conj/Pois/Air  1%         N/A       100%        3
 Ozocubu's Armour         Ice            1%         N/A       100%        3
 Summon Guardian Golem    Hex/Summ       1%         N/A       100%        3
 Swiftness                Air            1%         N/A       100%        3
 Tukima's Dance           Hex            1%         N/A       100%        3
 Vampiric Draining        Necr           1%         2d6       100%        3
 Anguish                  Hex/Necr       0%         N/A       100%        4
 Animate Dead             Necr           1%         N/A       100%        4
 Cause Fear               Hex            0%         N/A       100%        4
 Dispel Undead            Necr           1%         3d6       100%        4
 Fulminant Prism          Conj/Hex       0%         3d5       100%        4
 Ice Form                 Ice/Tmut       3%         N/A       100%        4
 Iskenderun's Mystic Bla  Conj/Tloc      3%         2d3       100%        4
 Leda's Liquefaction      Hex/Erth       1%         N/A       100%        4
 Olgreb's Toxic Radiance  Pois           1%         N/A       100%        4
 Sticky Flame             Conj/Fire      1%         2d3       100%        4
 Summon Ice Beast         Ice/Summ       1%         N/A       100%        4
 Agony                    Necr           1%         N/A       100%        5
 Alistair's Intoxication  Tmut/Pois      2%         N/A       100%        5
 Arcjolt                  Conj/Air       0%         1d10      100%        5
 Blade Hands              Tmut           3%         N/A       100%        5
 Borgnjor's Vile Clutch   Necr/Erth      1%         N/A       100%        5
 Irradiate                Conj/Tmut      1%         3d12      100%        5
 Iskenderun's Battlesphe  Conj           1%         2d6       100%        5
 Lee's Rapid Deconstruct  Erth           3%         3d5*      100%        5
 Lightning Bolt           Conj/Air       0%         1d11      100%        5
 Metabolic Englaciation   Hex/Ice        0%         N/A       100%        5
 Silence                  Hex/Air        0%         N/A       100%        5
 Summon Forest            Summ/Tloc      1%         N/A       100%        5
 Summon Mana Viper        Hex/Summ       1%         N/A       100%        5
 Yara's Violent Unravell  Hex/Tmut       1%         3d3       100%        5
 Death Channel            Necr           0%         N/A       100%        6
 Dispersal                Tloc           3%         N/A       100%        6
 Eringya's Noxious Bog    Tmut/Pois      1%         N/A       100%        6
 Iron Shot                Conj/Erth      1%         9d1       100%        6
 Simulacrum               Ice/Necr       0%         N/A       100%        6
 Starburst                Conj/Fire      0%         6d3       100%        6
 Statue Form              Tmut/Erth      4%         N/A       100%        6
 Summon Cactus Giant      Summ           0%         N/A       100%        6
 Dragon Form              Tmut           3%         N/A       100%        7
 Enfeeble                 Hex            0%         N/A       100%        7
 Malign Gateway           Summ/Tloc      1%         N/A       100%        7
 Monstrous Menagerie      Summ           0%         N/A       100%        7
 Orb of Destruction       Conj           0%         9d5       100%        7
 Ozocubu's Refrigeration  Ice            0%         4d7       100%        7
 Spellforged Servitor     Conj/Summ      0%         N/A       100%        7
 Summon Hydra             Summ           0%         N/A       100%        7
 Borgnjor's Revivificati  Necr           0%         N/A       100%        8
 Disjunction              Tloc           3%         N/A       100%        8
 Ignition                 Fire           0%         3d3       100%        8
 Infestation              Necr           0%         N/A       100%        8
 Maxwell's Capacitive Co  Air            0%         ∞         100%        8
 Necromutation            Tmut/Necr      1%         N/A       100%        8
 Chain Lightning          Conj/Air       0%         2d1       100%        9
 Death's Door             Necr           0%         N/A       100%        9
 Dragon's Call            Summ           0%         N/A       100%        9
 Fire Storm               Conj/Fire      0%         6d1       100%        9
 Shatter                  Erth           3%         3d7*      100%        9


Dungeon Overview and Level Annotations

Branches:
Dungeon (15/15)            Temple (1/1) D:6            Lair (5/5) D:8
 Shoals (4/4) Lair:3        Snake (4/4) Lair:3        Slime (0/5) Lair:5
    Orc (2/2) D:12            Elf (3/3) Orc:2        Vaults (5/5) D:13
  Crypt (0/3) Vaults:2     Depths (4/4) D:15            Zot (5/5) Depths:4
  IceCv (visited)         Gauntlet (visited)

Altars:
Ashenzari
Cheibriados
Dithmenos
Elyvilon
Fedhas
Gozag
Hepliaklqana
Kikubaaqudgha
Makhleb
Nemelex Xobeh
Okawaru
Qazlal
Ru
Sif Muna
Trog
Uskayaw
Vehumet
Wu Jian
Xom
Yredelemnul
Zin
The Shining One
Jiyva

Shops:
D:1 (   D:5 :   D:10 *=(:!   Orc:2 (:(?!   Elf:1 *   Elf:2 ([:   Shoals:1 ?
Shoals:3 (   Snake:3 ?*   Vaults:1 (**   Vaults:2 [   Vaults:4 [   Depths:1 (*

Portals:
Hell: Depths:1 Depths:2 Depths:3 Depths:4
Abyss: Depths:2 Depths:3 Depths:4
Pandemonium: Orc:2 Depths:2 Depths:3 Depths:4

Annotations:
Zot:1 exclusions: downstairs and orb of fire
Zot:5 1 exclusion


Innate Abilities, Weirdness & Mutations

You have a pair of horns on your head.
You reflexively headbutt those who attack you in melee.
You have sharp fingernails.
You are partially covered in iridescent scales. (AC +2)
You possess an exceptional clarity of mind.
You are weak. (Str -2)


Message History

The mummy hits the mummy priest!
Flame seeps out of the mummy priest.
You can now pass through a line of other dancers.
Uskayaw will force your foes to helplessly watch your dance.
Uskayaw prepares the audience for your solo!
Blink to where?
Press: ? - help, Dir - move target
As you read the scroll of blinking, it crumbles to dust.
Uskayaw will force your foes to share their pain.
You feel much better.
You hear an explosion!
You feel a bit more experienced.
You hear an explosion!
You feel a bit more experienced. x2
You hear an explosion!
You feel a bit more experienced. x3
You hear an explosion!
You feel extremely nervous for a moment...
Your body is wracked with pain!
* * * LOW HITPOINT WARNING * * *
You hear an explosion!
You feel a bit more experienced.
Your life force feels restored.
You feel a bit more experienced.
Something is engulfed in negative energy!
You hear an explosion!
You feel a bit more experienced.
You feel extremely nervous for a moment...
Your body is wracked with pain!
* * * LOW HITPOINT WARNING * * *
You hear an explosion!
You feel a bit more experienced. x2
You feel extremely nervous for a moment...
Pain shoots through your body!
* * * LOW HITPOINT WARNING * * *
You hear an explosion!
You feel a bit more experienced.
You hear a faint skittering sound.
You feel extremely nervous for a moment...
Pain shoots through your body!!
You die...

▓▓▓▓▓▓▓▓▓▓▓ ▓..........
▓.......... ▓...........▓
▓▓▓▓▓▓▓▓▓...........▓▓▓▓▓
▓.......................M
▓.......@...............M
▓......................MM
▓.....................sMM
▓...................bssMM
▓∩................§Msz.."
▓....................MZMM
▓.....................MsM
▓......................M:
▓.....................s..


There were no monsters in sight!

Vanquished Creatures
  3 dread liches
  4 ancient liches
  The ghost of Zuol the Slayer, a legendary DsDe of Nemelex Xobeh (Zot:1)
  2 juggernauts
  2 royal mummies (Zig:17)
  The ghost of Nizokhlo the Metallomancer, a veteran DrCj of Vehumet (Vaults:1)
  Margery (Vaults:2)
  Saint Roka (Vaults:1)
  3 Killer Klowns
  Vv (Zot:2)
  Xtahua (Vaults:3)
  5 curse toes
  Vashnia (Snake:3)
  7 caustic shrikes
  The ghost of Vivivvi the Tortoise, a veteran DjCj of Ashenzari (Vaults:3)
  12 golden dragons
  Jory (Vaults:3)
  5 bone dragons
  A Brimstone Fiend (Zig:16)
  2 electric golems
  5 Orb Guardians (Zot:5)
  2 walking earthen tomes
  23 tentacled monstrosities
  3 liches
  An Ice Fiend (Zig:16)
  A searing wretch (Zig:5)
  A walking divine tome (Depths:3)
  7 titans
  9 quicksilver dragons
  2 acid blobs (Zig:6)
  3 deep elf blademasters
  3 deep elf master archers
  Gastronok (D:11)
  14 death cobs
  9 sphinxes
  3 ancient champions
  3 Executioners
  An eldritch tentacle (Vaults:3)
  A thorn hunter (Abyss:3)
  6 tengu reavers
  8 shadow dragons
  Kirke (Lair:5)
  Frances (Shoals:1)
  14 storm dragons
  Agnes (Snake:3)
  An azure jelly (Zig:6)
  17 nagarajas
  7 draconian monks
  2 revenants (Zig:11)
  3 demonspawn warmongers (Zig:10)
  8 draconian knights
  An iron dragon (shapeshifter) (Depths:3)
  8 fire giants
  9 frost giants
  8 iron dragons
  13 vault wardens
  7 draconian scorchers
  Aizul (Snake:1)
  7 balrugs
  10 deep elf sorcerers
  2 ghost moths (Zot:3)
  2 quicksilver elementals (Zig:14)
  Louise (Snake:1)
  24 very ugly things
  4 deep elf elementalists (Elf:3)
  An orc warlord (Vaults:1)
  9 draconian shifters
  A reaper (Depths:1)
  2 cacodemons (Zig:10)
  14 ironbound preservers
  2 draconian stormcallers
  A quicksilver ooze (shapeshifter) (Vaults:5)
  14 stone giants
  A demonspawn corrupter (Zig:16)
  5 war gargoyles
  5 draconian annihilators
  9 ironbound thunderhulks
  A demonspawn blood saint (Zig:10)
  13 black draconians
  5 grey draconians (Zot:2)
  13 green draconians
  A minotaur (Gauntlet)
  3 vampire knights
  14 deep elf annihilators
  8 deep elf demonologists
  13 purple draconians
  A demonspawn black sun (Zig:10)
  11 red draconians
  10 yellow draconians
  2 lorocyprocas
  8 dire elephants
  12 white draconians
  A spark wasp (Depths:3)
  2 blizzard demons (Zig:10)
  2 crystal guardians
  A jiangshi (Zig:11)
  An eidolon (Zig:11)
  2 mummy priests (Zig:17)
  13 yaktaur captains
  5 great orbs of eyes
  Josephine (Lair:4)
  17 deep elf high priests
  2 green deaths
  6 merfolk javelineers
  An entropy weaver (Vaults:1)
  7 ettins
  8 deep elf death magi
  4 merfolk impalers
  8 fire dragons
  Fannar (Lair:1)
  27 vault guards
  7 salamander tyrants
  3 rakshasas
  3 peacekeepers
  2 hell beasts
  6 hydras
  13 ice dragons
  A catoblepas (D:13)
  Erolcha (D:12)
  3 demonspawn (Orc:2)
  8 anacondas
  2 spriggan air magi (Depths:3)
  3 ogre magi
  Erica (D:8)
  3 alligator snapping turtles
  8 boulder beetles
  An anaconda (shapeshifter) (Vaults:5)
  A Killer Klown simulacrum (Zot:1)
  27 dancing weapons
  A death scarab (Zig:17)
  8 two-headed ogres
  3 merfolk aquamancers (Shoals:4)
  2 vampire magi
  3 satyrs
  10 ironbound frosthearts
  A spectral draconian (Zot:1)
  3 deep troll earth magi
  12 death yaks
  16 centaur warriors
  15 naga warriors
  3 tengu warriors
  8 deep troll shamans
  18 shock serpents
  Urug (Lair:4)
  23 naga sharpshooters
  3 spriggan berserkers
  7 orc high priests
  4 sun demons
  11 hell knights
  24 deep elf knights
  2 soul eaters
  A shadow wraith (D:13)
  Amaemon (Lair:1)
  A goliath frog (Depths:1)
  6 salamander mystics
  A wretched star (Abyss:3)
  5 iron trolls
  5 sixfirhies
  11 skeletal warriors
  7 flayed ghosts
  7 naga ritualists
  7 skysharks
  A deep troll (shapeshifter) (Vaults:5)
  4 glowing orange brains
  2 obsidian statues
  A skyshark (shapeshifter) (Vaults:2)
  31 deep trolls
  An orange crystal statue (Zig:10)
  17 sea snakes
  22 deep elf archers
  5 wizards
  5 orc knights
  A harpy (shapeshifter) (Elf:2)
  37 deep elf pyromancers
  2 phantasmal warriors
  A mana viper (shapeshifter) (D:15)
  9 necromancers
  3 lindwurms
  11 mana vipers
  36 deep elf zephyrmancers
  17 harpies
  23 ironbound convokers
  3 wolf spiders
  6 orc sorcerers (Orc:2)
  3 tengu skeletons
  31 ugly things
  A shining eye (Zig:6)
  A frost giant zombie (Depths:3)
  8 cyclopes
  10 fauns
  12 manticores
  28 salamanders
  7 water nymphs
  5 guardian serpents
  A fire giant zombie (Depths:3)
  26 moths of wrath
  20 elephants
  4 worldbinders (Abyss:3)
  A moth of wrath (shapeshifter) (Zig:3)
  10 merfolk sirens
  14 vault sentinels
  5 smoke demons
  10 apocalypse crabs (Zot:3)
  A fire giant skeleton (Vaults:2)
  2 rust devils
  A water nymph (shapeshifter) (Vaults:5)
  27 naga magi
  2 molten gargoyles (Lair:5)
  5 cane toads
  A storm dragon simulacrum (Zot:1)
  A cane toad (shapeshifter) (D:13)
  37 black mambas
  4 ice statues
  An efreet (D:14)
  A hellion (Zig:14)
  A gargoyle (D:14)
  3 orange demons
  An elf skeleton (Vaults:2)
  11 komodo dragons
  A yaktaur (shapeshifter) (Depths:3)
  36 yaktaurs
  A rime drake (shapeshifter) (Elf:3)
  2 tengu conjurers
  8 rime drakes
  A tormentor (Zig:16)
  A golden dragon simulacrum (Zot:1)
  5 guardian mummies
  4 freezing wraiths
  6 trolls
  3 red devils
  11 polar bears
  A merfolk (shapeshifter) (Vaults:4)
  38 merfolk
  A wind drake (shapeshifter) (Elf:1)
  6 hellwings
  A polar bear (shapeshifter) (Zig:15)
  2 hornets
  4 human skeletons
  Grinder (D:6)
  7 blink frogs
  12 wind drakes
  6 raiju
  9 snapping turtles
  53 slime creatures
  6 dream sheep
  2 flying skulls (Zig:17)
  16 water elementals
  An ettin skeleton (Vaults:2)
  3 shadows
  2 spriggans
  A vampire (D:12)
  4 air elementals
  4 fire elementals
  6 wraiths
  A wyvern (shapeshifter) (Depths:1)
  2 ynoxinuls
  A culicivora (Vaults:1)
  3 centaur simulacra
  A basilisk (shapeshifter) (D:15)
  An ushabti (Zig:4)
  31 yaks
  4 vampire mosquitoes
  3 wyverns
  5 hogs (Lair:5)
  2 humans (Lair:5)
  4 golden eyes (Abyss:3)
  4 basilisks
  A hog (shapeshifter) (D:15)
  3 neqoxecs
  Grum (D:9)
  5 chaos spawn
  A spriggan simulacrum (Zig:4)
  2 redbacks (Vaults:1)
  Menkaure (D:6)
  A glowing shapeshifter zombie (Depths:3)
  2 steam dragons (Lair:5)
  7 large abominations
  An acid dragon (D:10)
  5 small abominations
  Edmund (D:5)
  4 wargs
  54 nagas
  Duvessa (D:7)
  3 hell hounds (Lair:5)
  13 water moccasins
  A floating eye (shapeshifter) (Vaults:5)
  9 ice beasts
  4 glowing shapeshifter skeletons
  46 orc warriors
  A black bear (Lair:4)
  A sky beast (D:8)
  8 ogres
  22 wolves
  8 centaurs
  A phantom (D:6)
  5 kobold brigands
  5 earth elementals
  3 gnoll sergeants
  6 scorpions
  A necrophage (D:7)
  9 bullfrogs
  Dowan (D:7)
  4 lindwurm simulacra (IceCv)
  12 killer bees
  7 howler monkeys
  9 electric eels
  4 jellies
  5 lava snakes (Lair:5)
  7 komodo dragon simulacra (IceCv)
  4 hounds
  A quasit (Abyss:3)
  3 gnoll boudas
  28 orc priests
  2 starcursed masses (Abyss:3)
  3 iguanas
  A hell rat (Depths:1)
  29 orc wizards
  2 lightning spires (Gauntlet)
  12 mummies
  25 gnolls
  6 acid dragon simulacra (IceCv)
  5 adders
  2 shadow imps
  7 white imps
  4 ufetubi
  4 steam dragon simulacra (IceCv)
  2 worms
  6 dart slugs
  89 orcs
  7 ball pythons
  7 endoplasms
  3 giant cockroaches
  10 goblins
  3 hobgoblins
  27 kobolds
  5 quokkas
  4 bats
  A frilled lizard (D:1)
  2 rats
2374 creatures vanquished.

Vanquished Creatures (collateral kills)
  A golden dragon (Zot:3)
  An iron giant (Zig:14)
  A Hell Sentinel (Zig:14)
  A tentacled monstrosity (Zot:2)
  A death cob (Zot:3)
  An ancient champion (Zig:14)
  An Executioner (Zig:16)
  A draconian monk (Zot:2)
  A nagaraja (Zig:12)
  4 quicksilver elementals (Zig:14)
  An iron dragon (Depths:4)
  A draconian shifter (Zot:4)
  A draconian stormcaller (Zot:2)
  A reaper (Zig:16)
  A very ugly thing (Depths:3)
  5 war gargoyles (Zig:14)
  2 green draconians
  A demonspawn black sun (Zig:16)
  3 iron golems (Zig:14)
  A mummy priest (Zig:17)
  2 green deaths (Zig:16)
  A hell beast (Zig:16)
  A Killer Klown simulacrum (Zot:1)
  An anaconda (Zig:12)
  A shock serpent (Zig:9)
  A spectral storm dragon (Zot:1)
  3 naga sharpshooters
  A hell knight (Depths:2)
  2 iron trolls
  A shadow wraith (Depths:1)
  A phantasmal warrior (Depths:4)
  2 necromancers
  A moth of wrath (Zot:4)
  A salamander (Zig:12)
  A guardian serpent (Zig:12)
  A demonic crawler (Depths:1)
  A smoke demon (Zig:16)
  4 naga magi
  3 black mambas
  A tormentor (Zig:14)
  An ice devil (Depths:3)
  A hellwing (Zig:16)
  A slime creature (Zig:6)
  A vampire mosquito (Depths:1)
  A phantom (Depths:1)
  A giant cockroach (Depths:1)
66 creatures vanquished.

Vanquished Creatures (others)
  An ancient lich (Zot:1)
  A pandemonium lord (Zig:10)
  A caustic shrike (Zig:14)
  A bone dragon (Zot:1)
  A tentacled monstrosity (Zot:3)
  A lich (Vaults:1)
  An ancient champion (Zig:14)
  A death cob (Zot:1)
  A storm dragon (Zot:4)
  A nagaraja (Zig:9)
  An iron dragon (Depths:3)
  A frost giant (Depths:3)
  A draconian annihilator (Zot:2)
  An ironbound preserver (Vaults:5)
  A draconian shifter (Zot:2)
  A reaper (Zig:10)
  A purple draconian (Zot:2)
  A deep elf demonologist (Zig:15)
  2 white draconians (Zot:2)
  A merfolk impaler (Shoals:4)
  A salamander tyrant (Zig:12)
  A merfolk aquamancer (Shoals:4)
  2 hell knights
  A salamander mystic (Zig:12)
  A sea snake (Shoals:4)
  3 moths of wrath
  A naga mage (Zig:13)
  An unseen horror (Depths:1)
  A red devil (Depths:4)
  A naga (Zig:12)
  An earth elemental (Zig:15)
  A mummy (Zig:17)
  2 orcs (D:4)
  16 demonic plants
  16 fungi
  71 plants
141 creatures vanquished.

Grand Total: 2581 creatures vanquished

Notes
Turn   | Place    | Note
-------+----------+-------------------------------------------
     0 | D:1      | Anon1729 the Minotaur Monk began the quest for the Orb.
     0 | D:1      | Reached XP level 1. HP: 19/19 MP: 0/0
   129 | D:1      | Reached XP level 2. HP: 14/27 MP: 1/1
   284 | D:1      | Reached skill level 1 in Armour
   432 | D:1      | Found Baocyduz's Weapon Shoppe.
   533 | D:1      | Reached XP level 3. HP: 33/33 MP: 2/2
   980 | D:2      | Reached skill level 1 in Long Blades
  1209 | D:2      | Reached XP level 4. HP: 40/40 MP: 3/3
  1418 | D:3      | Found a sacrificial altar of Ru.
  1609 | D:3      | Reached skill level 2 in Long Blades
  1612 | D:3      | Reached XP level 5. HP: 35/47 MP: 4/4
  1623 | D:3      | Reached skill level 3 in Long Blades
  2475 | D:4      | Noticed a centaur
  2493 | D:4      | Killed a centaur
  2494 | D:4      | Reached skill level 4 in Long Blades
  2494 | D:4      | Reached XP level 6. HP: 42/55 MP: 5/5
  2502 | D:4      | Reached skill level 5 in Fighting
  3329 | D:4      | Reached XP level 7. HP: 57/61 MP: 6/6
  3334 | D:4      | Reached skill level 5 in Long Blades
  3681 | D:4      | Reached skill level 5 in Dodging
  3819 | D:4      | Found an opulent altar of Gozag.
  3995 | D:4      | Found a stormy altar of Qazlal.
  4101 | D:5      | Entered Level 5 of the Dungeon
  4238 | D:5      | Reached skill level 6 in Long Blades
  4344 | D:5      | Found Uwkolau's Book Emporium.
  4412 | D:5      | Reached XP level 8. HP: 56/70 MP: 7/7
  4640 | D:5      | Reached skill level 5 in Armour
  4946 | D:6      | Found a bloodstained altar of Trog.
  4947 | D:6      | Noticed Menkaure
  4949 | D:6      | Noticed Edmund
  5154 | D:5      | Killed Edmund
  5155 | D:5      | Reached skill level 7 in Long Blades
  5772 | D:6      | Killed Menkaure
  6139 | D:6      | Noticed Grinder
  6187 | D:6      | Paralysed by Grinder for 4 turns
  6199 | D:6      | Killed Grinder
  6200 | D:6      | Reached skill level 8 in Long Blades
  6285 | D:6      | Reached XP level 9. HP: 64/79 MP: 8/8
  6647 | D:6      | Found a glowing silver altar of Zin.
  6654 | D:6      | Found a staircase to the Ecumenical Temple.
  6660 | Temple   | Entered the Ecumenical Temple
  6825 | Temple   | Became a worshipper of Uskayaw the Reveller
  6825 | Temple   | Reached * piety under Uskayaw
  6872 | D:7      | Reached ** piety under Uskayaw
  6911 | D:7      | Reached *** piety under Uskayaw
  7020 | D:7      | Noticed Duvessa
  7023 | D:7      | Noticed Dowan
  7030 | D:7      | Killed Duvessa
  7031 | D:7      | Killed Dowan
  7268 | D:7      | Reached skill level 1 in Invocations
  7376 | D:7      | Reached skill level 9 in Long Blades
  7661 | D:8      | Found a staircase to the Lair.
  7722 | D:8      | Noticed Erica
  7735 | D:8      | Reached **** piety under Uskayaw
  7736 | D:8      | Killed Erica
  7935 | D:8      | Found a basalt altar of Yredelemnul.
  7979 | D:8      | Found a radiant altar of Vehumet.
  8334 | D:8      | Reached ***** piety under Uskayaw
  8335 | D:8      | Reached skill level 10 in Long Blades
  8527 | D:8      | Reached XP level 10. HP: 61/88 MP: 10/12
  9203 | D:9      | Noticed Grum
  9213 | D:9      | Killed Grum
  9616 | D:9      | Noticed a two-headed ogre
  9627 | D:9      | Killed a two-headed ogre
  9628 | D:9      | Reached skill level 5 in Invocations
  9869 | D:10     | Entered Level 10 of the Dungeon
  9910 | D:10     | Reached skill level 11 in Long Blades
 10029 | D:10     | Reached ****** piety under Uskayaw
 10056 | D:10     | Found a shadowy altar of Dithmenos.
 10457 | D:10     | Found a glowing golden altar of the Shining One.
 10517 | D:10     | Found Innuskew's Assorted Antiques.
 10519 | D:10     | Found Moisol's Weapon Emporium.
 10520 | D:10     | Found Ribbol's Jewellery Boutique.
 10521 | D:10     | Found Qum Siun's Distillery.
 10521 | D:10     | Found Wuwi's Book Shoppe.
 10568 | D:10     | Identified a scroll of acquirement
 10572 | D:10     | Acquired 728 gold pieces
 10574 | D:10     | Bought a potion of heal wounds for 55 gold pieces
 10574 | D:10     | Bought a potion of heal wounds for 55 gold pieces
 10574 | D:10     | Bought a potion of curing for 33 gold pieces
 10574 | D:10     | Bought a potion of haste for 110 gold pieces
 10574 | D:10     | Bought a potion of attraction for 33 gold pieces
 10574 | D:10     | Bought a potion of lignification for 33 gold pieces
 10574 | D:10     | Bought a potion of ambrosia for 88 gold pieces
 11190 | D:1      | Bought the +8 autumn katana {manifold assault} for 606 gold
                  | pieces
 11190 | D:1      | Found the +8 autumn katana {manifold assault}
 11387 | D:10     | Bought a bloodstained chain mail for 313 gold pieces
 11387 | D:10     | Identified the +1 chain mail of Free Will {Harm +Inv rF+}
                  | (You bought it in a shop on level 10 of the Dungeon)
 11625 | D:11     | Noticed Gastronok
 11778 | D:11     | Killed Gastronok
 11779 | D:11     | Reached XP level 11. HP: 66/97 MP: 14/14
 12137 | D:11     | Noticed a boulder beetle
 12417 | D:11     | Noticed a two-headed ogre
 12424 | D:11     | Killed a two-headed ogre
 12425 | D:11     | Reached skill level 12 in Long Blades
 12488 | D:11     | Killed a boulder beetle
 12806 | Lair:1   | Entered Level 1 of the Lair of Beasts
 12888 | Lair:1   | Noticed a wolf spider
 12889 | Lair:1   | Noticed a wolf spider
 12895 | Lair:1   | Killed a wolf spider
 12899 | Lair:1   | Killed a wolf spider
 13139 | Lair:1   | Noticed Amaemon
 13151 | Lair:1   | Killed Amaemon
 13152 | Lair:1   | Reached skill level 10 in Fighting
 13201 | Lair:1   | Reached skill level 13 in Long Blades
 13201 | Lair:1   | Reached XP level 12. HP: 68/106 MP: 17/17
 13347 | Lair:1   | Found a gate leading to a gauntlet.
 13361 | Gauntlet | Entered a Gauntlet
 13361 | Gauntlet | Found a transporter.
 13361 | Gauntlet | Found a transporter.
 13361 | Gauntlet | Found a transporter.
 13365 | Gauntlet | Found a transporter.
 13366 | Gauntlet | Found a transporter.
 13374 | Gauntlet | Noticed a great orb of eyes
 13379 | Gauntlet | Found a transporter.
 13440 | Gauntlet | Found a transporter.
 13450 | Gauntlet | Found a transporter.
 13465 | Gauntlet | Found a transporter.
 13475 | Gauntlet | Found a transporter.
 13490 | Gauntlet | Found a transporter.
 13496 | Gauntlet | Found a transporter.
 13608 | Gauntlet | Killed a great orb of eyes
 13637 | Gauntlet | Identified the ring of Tender Moments {rElec Will+}
 13676 | Gauntlet | Noticed a minotaur
 13692 | Gauntlet | Killed a minotaur
 13693 | Gauntlet | Reached skill level 1 in Evocations
 13702 | Gauntlet | Identified the +1 tower shield of Makhleb's Supremacy
                  | {rPois Int+4 Dex-4}
 13990 | Lair:1   | Noticed Fannar
 14003 | Lair:1   | Killed Fannar
 14854 | Lair:2   | Noticed a six-headed hydra
 14862 | Lair:2   | Killed a one-headed hydra
 15653 | Lair:3   | Reached skill level 10 in Armour
 15658 | Lair:3   | Found a staircase to the Shoals.
 15719 | Lair:3   | Noticed a death yak
 15720 | Lair:3   | Noticed a death yak
 15720 | Lair:3   | Noticed a death yak
 15721 | Lair:3   | Noticed a death yak
 15721 | Lair:3   | Noticed a death yak
 15721 | Lair:3   | Noticed a death yak
 15727 | Lair:3   | Killed a death yak
 15728 | Lair:3   | Found a staircase to the Snake Pit.
 15730 | Lair:3   | Killed a death yak
 15730 | Lair:3   | Killed a death yak
 15730 | Lair:3   | Killed a death yak
 15730 | Lair:3   | Killed a death yak
 15731 | Lair:3   | Reached skill level 14 in Long Blades
 15731 | Lair:3   | Reached skill level 10 in Dodging
 15736 | Lair:3   | Killed a death yak
 15737 | Lair:3   | Reached skill level 5 in Stealth
 15944 | Lair:3   | Noticed a boulder beetle
 15962 | Lair:3   | Killed a boulder beetle
 15963 | Lair:3   | Reached XP level 13. HP: 93/116 MP: 19/19
 16668 | Lair:4   | Noticed Urug
 16676 | Lair:4   | Killed Urug
 16736 | Lair:4   | Found a transporter.
 16737 | Lair:4   | Found a transporter.
 16754 | Lair:4   | Reached skill level 10 in Invocations
 17050 | Lair:4   | Reached skill level 15 in Long Blades
 17083 | Lair:4   | Noticed Josephine
 17138 | Lair:4   | Killed Josephine
 17263 | Lair:4   | Found a frozen archway.
 17315 | IceCv    | Entered an ice cave
 17636 | IceCv    | Identified the +6 dagger "Duthooj" {antimagic, Dex+6
                  | Stlth+}
 17847 | IceCv    | Noticed a white draconian
 18009 | IceCv    | Identified the amulet "Asoal" {Acrobat Rampage +Blink
                  | Slay-3 SInv}
 18024 | IceCv    | Killed a white draconian
 18025 | IceCv    | Reached XP level 14. HP: 121/125 MP: 21/21
 18063 | IceCv    | Identified the ring "Taezi" {rC+ rN+ Str+3 Dex+4}
 18730 | Lair:5   | Entered Level 5 of the Lair of Beasts
 18753 | Lair:5   | Found a staircase to the Slime Pits.
 18753 | Lair:5   | Found a viscous altar of Jiyva.
 19027 | Lair:5   | Noticed Kirke
 19036 | Lair:5   | Killed Kirke
 19615 | Lair:5   | Reached skill level 16 in Long Blades
 19615 | Lair:5   | Reached skill level 5 in Evocations
 19675 | Lair:5   | Found a large runed translucent door.
 19675 | Lair:5   | Found a large runed translucent door.
 20521 | D:10     | Bought the amulet "Vuonis Ugar" {rElec rPois Regen+ Int-4
                  | Dex+3} for 645 gold pieces
 21090 | D:12     | Found a staircase to the Orcish Mines.
 21174 | D:12     | Noticed Erolcha
 21180 | D:12     | Killed Erolcha
 21475 | Orc:1    | Entered Level 1 of the Orcish Mines
 21574 | Orc:2    | Entered Level 2 of the Orcish Mines
 21582 | Orc:2    | Found a staircase to the Elven Halls.
 21733 | Orc:2    | Found Paep's Weapon Shoppe.
 21996 | Orc:2    | Found Vaehote's Magic Scroll Shop.
 21996 | Orc:2    | Found Iddops's Distillery.
 22057 | Orc:2    | Bought a scroll of blinking for 82 gold pieces
 22057 | Orc:2    | Bought a scroll of enchant armour for 82 gold pieces
 22057 | Orc:2    | Bought a scroll of immolation for 44 gold pieces
 22057 | Orc:2    | Bought a scroll of teleportation for 33 gold pieces
 22057 | Orc:2    | Bought a scroll of summoning for 104 gold pieces
 22057 | Orc:2    | Bought a scroll of magic mapping for 82 gold pieces
 22060 | Orc:2    | Bought a potion of heal wounds for 65 gold pieces
 22060 | Orc:2    | Bought 2 potions of might for 104 gold pieces
 22060 | Orc:2    | Bought a potion of haste for 130 gold pieces
 22060 | Orc:2    | Bought a potion of mutation for 104 gold pieces
 22060 | Orc:2    | Bought a potion of ambrosia for 104 gold pieces
 22060 | Orc:2    | Bought a potion of flight for 39 gold pieces
 22104 | Orc:2    | Reached XP level 15. HP: 110/134 MP: 23/23
 22399 | Orc:2    | Found Beikha's Book Shoppe.
 22399 | Orc:2    | Found Dikyine's Antique Weapon Emporium.
 22400 | Orc:2    | Found a one-way gate leading to the halls of Pandemonium.
 22659 | Orc:1    | You fall into a shaft and drop 1 floor!
 23043 | D:13     | Reached skill level 17 in Long Blades
 23327 | D:13     | Found a gate to the Vaults.
 23636 | D:14     | Identified the +2 cloak of Inquiry {Fly rPois Str-4 Int-5}
 23665 | D:14     | Found a white marble altar of Elyvilon.
 24509 | D:15     | Entered Level 15 of the Dungeon
 24632 | D:15     | Found a staircase to the Depths.
 24636 | D:15     | Got the Lectures on Septic Silt
 24906 | D:15     | Reached XP level 16. HP: 144/144 MP: 24/24
 25380 | Elf:1    | Entered Level 1 of the Elven Halls
 25506 | Elf:1    | Paralysed by an air elemental for 1 turns
 25593 | Elf:1    | Reached skill level 18 in Long Blades
 25825 | Elf:1    | You fall into a shaft and drop 1 floor!
 26071 | Elf:2    | Found a runed translucent gate.
 26071 | Elf:2    | Found a runed translucent gate.
 26071 | Elf:2    | Found a runed translucent gate.
 26464 | Elf:2    | Found Atibb's Antique Armour Shoppe.
 26489 | Elf:2    | Found Qemin's Book Emporium.
 26491 | Elf:2    | Identified the +1 robe of Gallantry {+Blink Dex+2}
 26527 | Elf:2    | Found a portal to a secret trove of treasure.
 26535 | Elf:2    | Reached XP level 17. HP: 152/152 MP: 26/26
 26648 | Elf:2    | Found Qisumir's Distillery.
 26661 | Elf:2    | Bought a potion of resistance for 170 gold pieces
 26661 | Elf:2    | Bought a potion of might for 68 gold pieces
 26661 | Elf:2    | Bought a potion of curing for 51 gold pieces
 26661 | Elf:2    | Bought a potion of invisibility for 136 gold pieces
 26661 | Elf:2    | Bought a potion of curing for 51 gold pieces
 26661 | Elf:2    | Bought a potion of lignification for 51 gold pieces
 26661 | Elf:2    | Bought a potion of attraction for 51 gold pieces
 26661 | Elf:2    | Bought a potion of curing for 51 gold pieces
 26671 | Elf:2    | Found Faapa's Antique Weapon Emporium.
 27033 | Elf:1    | Found Obbaoly's Gadget Gallery.
 27216 | Elf:3    | Entered Level 3 of the Elven Halls
 27684 | Elf:3    | Reached skill level 19 in Long Blades
 27829 | Elf:3    | Noticed a Brimstone Fiend
 28048 | Elf:3    | Noticed a deep elf blademaster
 28068 | Elf:3    | Killed a deep elf blademaster
 28091 | Elf:3    | Noticed a deep elf blademaster
 28104 | Elf:3    | Killed a deep elf blademaster
 28138 | Elf:3    | Noticed a deep elf master archer
 28321 | Elf:3    | Killed a deep elf master archer
 28662 | Elf:3    | Reached skill level 15 in Invocations
 28892 | Elf:3    | Identified the +0 triple sword of the Feather {venom, SInv}
 29064 | Elf:3    | Identified the amulet "Toadex" {RegenMP Will+ rCorr Str+3}
 29135 | Elf:3    | Identified the amulet "Odaamargh" {Reflect rC+ Str+4 SH+5}
 29169 | Elf:3    | Identified the +7 lajatang "Qaergh" {flame, rElec rC++
                  | Str-5 Int+3}
 29170 | Elf:3    | Identified the +0 robe "Taubboj" {Int+6}
 29589 | Elf:3    | Got the Elucidation of Stony Sculpting
 29591 | Elf:3    | Found the +7 great mace "Undeadhunter" {deathbane, rN+}
 29646 | Elf:3    | Identified the +0 cloak "Tath" {rC+ Regen+}
 30158 | Snake:1  | Entered Level 1 of the Snake Pit
 30196 | Snake:1  | Reached XP level 18. HP: 162/162 MP: 28/28
 30340 | Snake:1  | Noticed Aizul
 30354 | Snake:1  | Killed Aizul
 30488 | Snake:1  | Noticed Louise
 30497 | Snake:1  | Killed Louise
 30586 | Snake:1  | Reached skill level 15 in Fighting
 30858 | Snake:2  | Reached skill level 20 in Long Blades
 31663 | Snake:3  | Reached skill level 1 in Shields
 31744 | Snake:3  | Reached skill level 10 in Stealth
 31913 | Snake:3  | Noticed Vashnia
 32070 | Snake:3  | Noticed Agnes
 32078 | Snake:3  | Killed Agnes
 32084 | Snake:3  | Killed Vashnia
 32170 | Snake:3  | Found Gyumoal's General Store.
 32178 | Snake:3  | Bought a scroll of poison for 48 gold pieces
 32178 | Snake:3  | Bought a potion of attraction for 36 gold pieces
 32178 | Snake:3  | Bought a scroll of silence for 114 gold pieces
 32178 | Snake:3  | Found Buimiat's Magic Scroll Shoppe.
 32189 | Snake:3  | Bought a scroll of poison for 52 gold pieces
 32189 | Snake:3  | Bought a scroll of silence for 123 gold pieces
 32189 | Snake:3  | Bought a scroll of fear for 52 gold pieces
 32189 | Snake:3  | Bought a scroll of fear for 52 gold pieces
 32189 | Snake:3  | Bought a scroll of fear for 52 gold pieces
 32551 | Snake:4  | Entered Level 4 of the Snake Pit
 33068 | Snake:4  | Reached XP level 19. HP: 140/170 MP: 30/30
 33109 | Snake:4  | Reached skill level 5 in Shields
 33203 | Snake:4  | Reached skill level 15 in Armour
 33558 | Snake:4  | Got a serpentine rune of Zot
 33756 | Shoals:1 | Entered Level 1 of the Shoals
 33799 | Shoals:1 | Found Udyjaeff's Magic Scroll Emporium.
 33836 | Shoals:1 | Bought a scroll of vulnerability for 56 gold pieces
 33836 | Shoals:1 | Bought a scroll of vulnerability for 56 gold pieces
 34009 | Shoals:1 | Noticed Frances
 34022 | Shoals:1 | Killed Frances
 34534 | Shoals:2 | Reached skill level 21 in Long Blades
 35530 | Shoals:3 | Found Bicrazapn's Antique Weapon Shoppe.
 36019 | Shoals:4 | Entered Level 4 of the Shoals
 36607 | Shoals:4 | Got a barnacled rune of Zot
 36737 | Shoals:4 | Reached skill level 10 in Evocations
 36777 | Shoals:4 | Reached XP level 20. HP: 180/180 MP: 31/31
 37338 | Vaults:1 | Entered Level 1 of the Vaults
 37463 | Vaults:1 | Noticed Saint Roka
 37477 | Vaults:1 | Killed Saint Roka
 37900 | Vaults:1 | Reached skill level 15 in Dodging
 38204 | Vaults:1 | Found a runed translucent gate.
 38204 | Vaults:1 | Found a runed translucent gate.
 38204 | Vaults:1 | Found a runed translucent gate.
 38204 | Vaults:1 | Found an opulent altar of Gozag.
 38204 | Vaults:1 | Found Totot's Assorted Antiques.
 38206 | Vaults:1 | Found Icvinop's Assorted Antiques.
 38206 | Vaults:1 | Noticed Nizokhlo's ghost (veteran DrCj)
 38263 | Vaults:1 | Killed Nizokhlo's ghost
 38374 | Vaults:1 | Bought a potion of curing for 123 gold pieces
 38588 | Vaults:1 | Reached skill level 22 in Long Blades
 38665 | Vaults:1 | Found Nissax's Weapon Emporium.
 38788 | Vaults:2 | Reached skill level 10 in Shields
 38865 | Vaults:2 | Noticed Margery
 38872 | Vaults:2 | Killed Margery
 38952 | Vaults:2 | Found Umiby's Armour Emporium.
 39314 | Vaults:2 | Reached XP level 21. HP: 189/189 MP: 32/32
 39323 | Vaults:2 | Found a staircase to the Crypt.
 40161 | Vaults:3 | Noticed Jory
 40175 | Vaults:3 | Killed Jory
 40480 | Vaults:3 | Found a large runed translucent door.
 40480 | Vaults:3 | Found a large runed translucent door.
 40480 | Vaults:3 | Noticed Vivivvi's ghost (veteran DjCj)
 40575 | Vaults:3 | Noticed Xtahua
 40582 | Vaults:3 | Killed Xtahua
 41223 | Vaults:3 | Killed Vivivvi's ghost
 41809 | Abyss:3  | Cast into level 3 of the Abyss (wizard)
 41855 | Abyss:3  | Learned a level 1 spell: Apportation
 41858 | Abyss:3  | Learned a level 2 spell: Passwall
 42134 | Abyss:3  | Reached skill level 1 in Earth Magic
 42135 | Abyss:3  | Reached skill level 1 in Translocations
 42157 | Abyss:3  | Reached skill level 1 in Transmutations
 42167 | Abyss:3  | Got an abyssal rune of Zot
 42181 | Vaults:4 | Escaped the Abyss
 42676 | Vaults:4 | Found Epasius's Armour Shoppe.
 42881 | Vaults:5 | Entered Level 5 of the Vaults
 42899 | Vaults:4 | Reached XP level 22. HP: 130/200 MP: 34/34
 43087 | Vaults:5 | Noticed a golden dragon
 43089 | Vaults:5 | Noticed a dread lich
 43090 | Vaults:5 | Noticed a dread lich
 43190 | Vaults:5 | Paralysed by a dread lich for 3 turns
 43204 | Vaults:5 | Killed a dread lich
 43232 | Vaults:5 | Killed a dread lich
 43341 | Vaults:5 | Got a silver rune of Zot
 43360 | Vaults:5 | Identified the +6 broad axe of Inaghezxul {drain, Will+
                  | SInv}
 43361 | Vaults:5 | Identified the +8 longbow of the Sharing Gods {heavy, rPois
                  | rN+ MP+9 Dex-2}
 43365 | Vaults:5 | Got the Octavo of Meteoric Shades
 43519 | Vaults:5 | Identified the +11 dagger of Featib {heavy, rElec rCorr
                  | Int-5 Dex+4}
 43529 | Vaults:5 | Got Lishristre's Teachings on the Collective Bane
 43623 | Vaults:5 | Killed a golden dragon
 43679 | Vaults:5 | Identified the +1 fire dragon scales of Ignis's Reproof
                  | {rF++ rC- Int+3}
 43693 | Vaults:5 | Identified the ring of the Jackalope {rPois rF+}
 43869 | Vaults:5 | Identified the +5 quarterstaff "Uqof" {flame, SInv Stlth+}
 43995 | Vaults:5 | Identified the +3 whip of Blood-Lust {heavy, rC++ Int+5
                  | Dex-4}
 44266 | Vaults:5 | Identified the ring "Pecu" {MP+9 Dex+2}
 44267 | Vaults:5 | Identified the +1 cloak of Temperance {-Tele rC+++ Will-
                  | Regen+}
 44338 | Vaults:5 | Noticed an ancient lich
 44352 | Vaults:5 | Killed an ancient lich
 44930 | Depths:1 | Entered Level 1 of the Depths
 45076 | Depths:1 | Found a runed translucent gate.
 45076 | Depths:1 | Found a runed translucent gate.
 45076 | Depths:1 | Found a runed translucent gate.
 45088 | Depths:1 | Found Sotobeub's Weapon Shop.
 45101 | Depths:1 | Reached XP level 23. HP: 207/207 MP: 35/35
 45249 | Depths:1 | Found Ahoa's Elemental Accessories.
 45379 | Depths:1 | Found a basalt altar of Yredelemnul.
 45534 | Depths:1 | Found a gateway to Hell.
 45945 | Depths:1 | Acquired the +15 plate armour of Jyqaf {Fly}
 46168 | Depths:2 | Found a one-way gate to the infinite horrors of the Abyss.
 46402 | Depths:2 | Reached skill level 23 in Long Blades
 46449 | Depths:2 | Noticed a caustic shrike
 46462 | Depths:2 | Killed a caustic shrike
 46489 | Depths:2 | Noticed a caustic shrike
 46498 | Depths:2 | Killed a caustic shrike
 46755 | Depths:2 | Identified the +7 battleaxe of the Stork {heavy, rElec
                  | Str+3 Int+2}
 46939 | Depths:2 | Found a one-way gateway to a ziggurat.
 47238 | Depths:2 | Found a shimmering blue altar of Sif Muna.
 47710 | Depths:3 | Noticed a juggernaut
 47823 | Depths:3 | Identified the ring "Daffyku" {+Blink rPois}
 47992 | Depths:3 | Reached skill level 15 in Shields
 48003 | Depths:3 | Identified the +1 chain mail of Indecent Exposure {Str+6}
 48235 | Depths:3 | Found a blossoming altar of Fedhas.
 48300 | Depths:3 | Found a transporter.
 48300 | Depths:3 | Found a transporter.
 48516 | Depths:3 | Killed a juggernaut
 48523 | Depths:3 | an iron giant changed into a caustic shrike
 48523 | Depths:3 | Noticed a caustic shrike (glowing shapeshifter)
 48530 | Depths:3 | a caustic shrike changed into an iron dragon
 48584 | Depths:3 | Identified the +1 pair of boots "Levomel" {rPois rCorr}
 48622 | Depths:4 | Entered Level 4 of the Depths
 48652 | Depths:4 | Noticed a caustic shrike
 48659 | Depths:4 | Killed a caustic shrike
 48661 | Depths:4 | Noticed a caustic shrike
 48868 | Depths:4 | Reached XP level 24. HP: 218/218 MP: 36/36
 49706 | Depths:4 | Found a gate to the Realm of Zot.
 50042 | Zot:1    | Entered Level 1 of the Realm of Zot
 50182 | Zot:1    | Noticed an ancient lich
 50191 | Zot:1    | Killed an ancient lich
 50229 | Zot:1    | Noticed a Killer Klown
 50239 | Zot:1    | Killed a Killer Klown
 50400 | Zot:1    | Noticed an orb of fire
 50433 | Zot:1    | Noticed a Killer Klown
 50436 | Zot:1    | Lost intelligence.
 50447 | Zot:1    | Killed a Killer Klown
 50624 | Zot:1    | Found a transporter.
 50627 | Zot:1    | Noticed Zuol's ghost (legendary DsDe)
 50628 | Zot:1    | Found a transporter.
 50628 | Zot:1    | Noticed a dread lich
 50630 | Zot:1    | Noticed an ancient lich
 51464 | Zot:1    | Paralysed by a dread lich for 4 turns
 51565 | Zot:1    | Killed a dread lich
 51572 | Zot:1    | Killed an ancient lich
 51611 | Zot:1    | Killed Zuol's ghost
 51625 | Zot:1    | Identified the amulet of the Median {Spirit Harm rN++
                  | Regen+ Str-3}
 51779 | Zot:2    | Reached XP level 25. HP: 128/227 MP: 36/36
 52169 | Zot:2    | Noticed Vv
 52515 | D:10     | Bought a scroll of poison for 132 gold pieces
 52515 | D:10     | Bought a scroll of fear for 132 gold pieces
 52726 | Elf:2    | You paid a toll of +3 shadow dragon scales to enter a
                  | treasure trove
 52727 | Trove    | Entered a treasure trove
 52729 | Trove    | Identified the ring of Atouzul {+Blink rN+}
 52735 | Trove    | Identified the ring of Dasic {AC+4 Dex+7 Stlth-}
 52745 | Trove    | Identified the ring of Kegriloih {rC- rN+ Will+++ rCorr
                  | MP+9}
 52748 | Trove    | Identified the ring of Fucorchedo {Will+ MP+9 Str+3}
 52753 | Trove    | Identified the amulet of Gami {Reflect Str+5 Int+3 SH+5
                  | SInv}
 52756 | Trove    | Identified the ring "Damuov" {rCorr Int+2 SInv}
 52759 | Trove    | Identified the ring of Difecs {rPois rC- Str+6 Slay+2}
 52774 | Trove    | Identified the amulet "Zaarucw" {RegenMP rC++ Str+2}
 53323 | Zot:2    | Noticed a juggernaut
 53336 | Zot:2    | Killed a juggernaut
 53444 | Zot:2    | Reached skill level 24 in Long Blades
 53620 | Zot:2    | Killed Vv
 53942 | Zot:3    | Noticed a Killer Klown
 53955 | Zot:3    | Killed a Killer Klown
 54223 | Zot:3    | Gained mutation: Your body sometimes deteriorates upon
                  | taking damage. [mutagenic glow]
 54233 | Zot:3    | Gained mutation: You occasionally lose the ability to drink
                  | potions when taking damage. [mutagenic glow]
 54270 | Zot:3    | Gained mutation: You occasionally lose the ability to read
                  | scrolls when taking damage. [mutagenic glow]
 54315 | Zot:3    | Paralysed by you for 3 turns
 54473 | Zot:3    | Got the Elucidation of the Comitatus
 55361 | Zot:4    | Reached XP level 26. HP: 145/238 MP: 36/36
 56080 | Zot:5    | Entered Level 5 of the Realm of Zot
 56823 | Zig:1    | Entered Level 1 of a ziggurat
 56839 | Zig:2    | Entered Level 2 of a ziggurat
 56872 | Zig:3    | Entered Level 3 of a ziggurat
 56873 | Zig:3    | Noticed an ancient lich
 56911 | Zig:3    | Killed an ancient lich
 56922 | Zig:4    | Entered Level 4 of a ziggurat
 56943 | Zig:4    | Got the Folio of Amassed Mud
 57000 | Zig:5    | Entered Level 5 of a ziggurat
 57061 | Zig:6    | Entered Level 6 of a ziggurat
 57064 | Zig:6    | Found the +7 Spriggan's Knife {stab, EV+4 Stlth+}
 57108 | Zig:7    | Entered Level 7 of a ziggurat
 57179 | Zig:8    | Entered Level 8 of a ziggurat
 57206 | Zig:8    | Identified the ring of Ydosaam {Wiz rPois rN+ Str-4 Dex+2}
 57218 | Zig:9    | Entered Level 9 of a ziggurat
 57292 | Zig:9    | Identified the +3 dagger "Grom" {holy, rElec rN+ Stlth-}
 57295 | Zig:9    | Got the Omnibus of Assaults
 57334 | Zig:10   | Entered Level 10 of a ziggurat
 57374 | Zig:10   | Noticed Gucesm the pandemonium lord
 57375 | Zig:10   | Gained mutation: Your spells are a little easier to cast,
                  | but a little less powerful. [a neqoxec]
 57377 | Zig:10   | Gained mutation: You sometimes lose the ability to read
                  | scrolls when taking damage. [a cacodemon]
 57382 | Zig:10   | Gained mutation: You sometimes lose your temper in combat.
                  | [a cacodemon]
 57403 | Zig:10   | Killed Gucesm the pandemonium lord
 57433 | Zig:10   | Identified the ring of Dishonour {rF- Str+6 Int+2 Dex+4}
 57449 | Zig:10   | Identified the +7 halberd "Budetoab" {speed, SInv}
 57454 | Zig:10   | Lost mutation: You occasionally lose the ability to drink
                  | potions when taking damage. [potion of mutation]
 57454 | Zig:10   | Lost mutation: You sometimes lose the ability to read
                  | scrolls when taking damage. [potion of mutation]
 57454 | Zig:10   | Gained mutation: You have an uncontrollable temper. [potion
                  | of mutation]
 57454 | Zig:10   | Lost mutation: You have an uncontrollable temper. [potion
                  | of mutation]
 57454 | Zig:10   | Gained mutation: You have a pair of large horns on your
                  | head. [potion of mutation]
 57454 | Zig:10   | Gained mutation: You expend magic power (3 MP) to
                  | strengthen your wands. [potion of mutation]
 57455 | Zig:10   | Lost mutation: You occasionally lose the ability to read
                  | scrolls when taking damage. [potion of mutation]
 57455 | Zig:10   | Lost mutation: You expend magic power (3 MP) to strengthen
                  | your wands. [potion of mutation]
 57455 | Zig:10   | Gained mutation: You passively dampen the noise of your
                  | surroundings. [potion of mutation]
 57455 | Zig:10   | Lost mutation: You passively dampen the noise of your
                  | surroundings. [potion of mutation]
 57456 | Zig:10   | Lost mutation: Your spells are a little easier to cast, but
                  | a little less powerful. [potion of mutation]
 57456 | Zig:10   | Lost mutation: You have a pair of large horns on your head.
                  | [potion of mutation]
 57456 | Zig:10   | Lost mutation: You sometimes lose your temper in combat.
                  | [potion of mutation]
 57456 | Zig:10   | Gained mutation: Your spells are a little harder to cast,
                  | but a little more powerful. [potion of mutation]
 57458 | Zig:10   | Lost mutation: Your body sometimes deteriorates upon taking
                  | damage. [potion of mutation]
 57458 | Zig:10   | Lost mutation: Your spells are a little harder to cast, but
                  | a little more powerful. [potion of mutation]
 57458 | Zig:10   | Gained mutation: You possess an exceptional clarity of
                  | mind. [potion of mutation]
 57458 | Zig:10   | Gained mutation: You are partially covered in iridescent
                  | scales. (AC +2) [potion of mutation]
 57458 | Zig:10   | Gained mutation: You are weak. (Str -2) [potion of
                  | mutation]
 57458 | Zig:10   | Gained mutation: You have sharp fingernails. [potion of
                  | mutation]
 57463 | Zig:11   | Entered Level 11 of a ziggurat
 57469 | Zig:11   | Noticed an ancient lich
 57489 | Zig:11   | Killed an ancient lich
 57551 | Zig:11   | Identified the amulet "Dinetwo" {Faith rF- Str+4 Int+3}
 57573 | Zig:11   | Identified the +8 great mace "Farph" {drain, rC++ Int+3
                  | Dex+3}
 57576 | Zig:11   | Identified the +1 glaive of Xesax {elec, rF+ Stlth+}
 57595 | Zig:12   | Entered Level 12 of a ziggurat
 57735 | Zig:12   | Identified the +8 glaive of the Kissing Saviour {holy,
                  | Will+ Str+5}
 57737 | Zig:12   | Got the Collected Works on Thermatology
 57740 | Zig:12   | Identified the +0 pair of boots of Doetzuc {-Tele Harm
                  | rPois Slay+6}
 57783 | Zig:13   | Entered Level 13 of a ziggurat
 57871 | Zig:13   | Reached XP level 27. HP: 212/247 MP: 37/37
 57873 | Zig:13   | Identified the amulet of Cazeememn {Spirit Will- rCorr
                  | Dex+2}
 57879 | Zig:13   | Identified the +0 chain mail of the Hidden Vale {rN+ Will+
                  | MP-9 Stlth+}
 57923 | Zig:14   | Entered Level 14 of a ziggurat
 58059 | Zig:14   | Reached skill level 15 in Stealth
 58066 | Zig:14   | Identified the +1 great mace "Murmur" {protect, Stlth+}
 58068 | Zig:14   | Reached skill level 5 in Throwing
 58083 | Zig:15   | Entered Level 15 of a ziggurat
 58144 | Zig:15   | Reached skill level 25 in Long Blades
 58158 | Zig:15   | Identified the +2 leather armour "Exisiraf" {+Inv rN+++
                  | Str-4 Int-4}
 58165 | Zig:15   | Identified the +0 robe of Valiance {rCorr}
 58170 | Zig:15   | Identified the +11 war axe of Kasuef {flame, rCorr MP+9
                  | Str-4 Int+6}
 58212 | Zig:16   | Entered Level 16 of a ziggurat
 58336 | Zig:16   | Noticed Ystraneddo the pandemonium lord
 58349 | Zig:16   | Identified the +11 arbalest of Gaawom {elec, +Blink rN+
                  | Will+ Stlth+}
 58351 | Zig:17   | Entered Level 17 of a ziggurat
 58457 | Zig:17   | Noticed a royal mummy
 58457 | Zig:17   | Noticed a royal mummy
 58458 | Zig:17   | Noticed a royal mummy
 58458 | Zig:17   | Noticed a royal mummy
 58458 | Zig:17   | Noticed a royal mummy
 58458 | Zig:17   | Noticed a royal mummy
 58458 | Zig:17   | Noticed a royal mummy
 58458 | Zig:17   | Noticed a royal mummy
 58458 | Zig:17   | Found the +12 glaive of Prune {freeze, Prune}
 58461 | Zig:17   | Noticed a royal mummy
 58466 | Zig:17   | Killed a royal mummy
 58466 | Zig:17   | Killed a royal mummy
 58466 | Zig:17   | HP: 11/248 [something (16)]
 58466 | Zig:17   | Killed by something's death curse

Illustrated notes

Levels and vault maps discovered:
D:1:      dpeg_arrival_rooms_a, layout_loops_ring, serial_shops,
          nicolae_shop_bloodbath_and_beyond
D:2:      layout_rooms, minmay_tall_x
D:3:      layout_loops_ring, nicolae_ru_sacrificial_ziggurat
D:4:      layout_basic, nicolae_gozag_cash_rules_everything_around_me,
          grunt_qazlal_clouds, minmay_strange_pillars
D:5:      layout_cave_pools, serial_shops, shop_statue
D:6:      layout_basic, mainiacjoe_overflow_tiny_flanked, zin_statuary,
          temple_statues, hellmonk_bongcloud_opening, grunt_decor_one_mirror,
          uniq_edmund, uniq_menkaure, uniq_grinder
D:7:      layout_rooms, uniq_duvessa
D:8:      layout_basic, grunt_temple_overflow_open, dpeg_oklobed_lair,
          serial_bayou, serial_bayou_pond_a, serial_bayou_pond_e,
          serial_bayou_shore_a, serial_bayou_pond_b, serial_bayou_pond_e,
          uniq_erica
D:9:      layout_loops_ring, uniq_grum
D:10:     layout_basic, kennysheep_mini_moat, grunt_dithmenos_smoke,
          nicolae_wooded_promenade
D:11:     layout_irregular_city, uniq_gastronok
D:12:     layout_basic, erik_orc_2, serial_ice, serial_ice_j, serial_ice_g,
          serial_ice_d, serial_ice_h, serial_ice_m, serial_ice_o, uniq_erolcha
D:13:     layout_basic, david_vaults_4, serial_demonic, serial_demonic_b,
          serial_demonic_g, serial_demonic_f, serial_demonic_g,
          serial_demonic_e, serial_demonic_c
D:14:     layout_basic, elyvilon_altar_4
D:15:     gammafunk_enter_depths_forms, layout_loops_ring, corexii_corridor_pit
Temple:   hellmonk_temple_forest_ring
Lair:1:   layout_cave_pods, gauntlet_entry_generic,
          nicolae_lair_run_with_the_wolves, uniq_fannar, uniq_amaemon
Lair:2:   layout_cellular_growth
Lair:3:   layout_regular_city, elwin_shoals_entry_rocks, dummy_snake_entry,
          dreamdust_mushroom_princess, serial_bayou_shore_b, grunt_megastairs_3,
          serial_bayou_shore_b
Lair:4:   gammafunk_boulding_lane, layout_regular_city,
          portal_ice_cave_entry_animals_and_master,
          grunt_forest_stairs_clearing, lemuel_fruit_fields,
          serial_bayou_shore_b, uniq_josephine, uniq_urug
Lair:5:   cheibrodos_lair_end_hotspot, layout_gridlike,
          minmay_slime_entry_pillars, serial_bayou_shore_b, uniq_kirke
Shoals:1: layout_shoals, serial_shops, shop_statue, nicolae_shoals_loop_pool,
          uniq_frances
Shoals:2: cheibrodos_shoals_oceanic_diplomacy, layout_shoals
Shoals:3: cheibrodos_shoals_gigantism, layout_shoals, serial_shops,
          nicolae_shop_advertising_works [nicolae_subvault_shop_adworks]
Shoals:4: shoals_end_simple, layout_shoals
Snake:1:  layout_misc_corridors, serial_bayou, serial_bayou_pond_c,
          serial_bayou_pond_e, serial_bayou_pond_d, serial_bayou_pond_e,
          uniq_aizul, uniq_louise
Snake:2:  layout_honeycomb
Snake:3:  layout_concentric_octagons, minmay_shoptagon, uniq_vashnia, uniq_agnes
Snake:4:  snake_pit, layout_gridlike
Orc:1:    layout_caves
Orc:2:    pf_orc_diabolical, layout_caves, serial_shops, shop_statue
Elf:1:    eino_elf_arrival_customs, layout_gridlike, hangedman_elf_represent,
          nicolae_shop_gadgets
Elf:2:    elven_hall_of_blades_hangedman_original
          [nicolae_blade_entry_floor_patterns], layout_geoelf_octagon,
          enter_trove_2, serial_shops, shop_statue, nicolae_square_shop,
          nicolae_lakefront_shop, shop_fountains, amcnicky_mini_corridor_feature
Elf:3:    minmay_elf_hall_hex, layout_geoelf_grid
Vaults:1: ebering_ghost_gozag, v_misc_16, hangedman_vaults_maws,
          hangedman_vaults_variations, hangedman_vaults_stretched_pinwheel,
          hangedman_vaults_stream, vaults_dpeg_ring, v_alt_pattern_4,
          vaults_mumra_chevron, v_misc_10, v_misc_32, ontoclasm_vaults_shuriken,
          hangedman_vaults_restitches, vaults_room_fancy_cross,
          layout_vaults_omnibox, serial_shops, nicolae_shop_statue_plus,
          uniq_saint_roka
Vaults:2: nicolae_vaults_alarming, hangedman_vaults_maws, grunt_vaults_bifocal,
          nicolae_vaults_network_quincunx
          [nicolae_vaults_network_quincunx_subvault,
          nicolae_vaults_network_quincunx_subvault,
          nicolae_vaults_network_quincunx_subvault,
          nicolae_vaults_network_quincunx_subvault,
          nicolae_vaults_network_quincunx_subvault], vaults_dpeg_emergency_exit,
          v_misc_8, ontoclasm_vaults_loading_screen, st_cells,
          minmay_crypt_entry_skeletal_spiral, nicolae_vaults_ring_of_whatevers,
          v_misc_16, hangedman_vaults_trim, nicolae_vaults_rhombus_6,
          ontoclasm_vaults_pinch, layout_vaults_omnicross, serial_shops,
          shop_coins, uniq_margery
Vaults:3: advil_vaults_ghost_guards, nicolae_vaults_specimen_jars,
          vaults_room_large_hall, vaults_dpeg_encased_lava, v_misc_5,
          vaults_room_glass_cross, nicolae_vaults_theta,
          nicolae_vaults_little_squares_3, v_alt_pattern_6,
          nicolae_vaults_little_squares_1, layout_vaults_omnigrid, uniq_xtahua,
          uniq_jory
Vaults:4: v_misc_4, ontoclasm_vaults_spin, nicolae_vaults_murderbox,
          v_alt_pattern_2, nicolae_vaults_twisting_passages,
          vaults_room_door_ring, hangedman_vaults_restitches,
          nicolae_vaults_rhombus_7, layout_vaults_chaotic_city, serial_shops,
          shop
Vaults:5: serial_shops
Depths:1: layout_honeycomb, serial_shops, shop, yredelemnul_altar_generic,
          hell_entry, nicolae_elemental_shop, grunt_ministairs_13, st_stairs_11,
          minmay_misc_feat_five, pandoras_box_mu
Depths:2: kennysheep_large_spiral, layout_basic, enter_ziggurat_a,
          rand_demon_pan_entry_3, abyss_entry, led_sif_pool, hell_entry,
          infiniplex_staircase_pillars_1
Depths:3: gammafunk_the_bubble [the_bubble_gammafunk_split], layout_small_grid,
          nicolae_abyss_entry_one_way_or_another, lightli_too_deep,
          grunt_pan_entry_spiral, fedhas_altar_4, infiniplex_staircase_zigzag_4
Depths:4: grunt_zot_entry_tricorne, layout_small_grid, minmay_misc_feat_roman,
          hell_entry, rand_demon_pan_entry_7, abyss_entry, serial_bayou_shore_b
Zot:1:    layout_basic, gammafunk_ghost_mausoleum, st_small_dragon_hoard_2,
          hangedman_player_shredder
Zot:2:    ebering_greatest_show_in_zot, layout_misc_corridors, uniq_vv
Zot:3:    gammafunk_mikee_crab_dinner, layout_basic
Zot:4:    layout_cathedral_of_symmetry, grunt_megastairs_5
Zot:5:    layout_gridlike
Zig:17

Skill      XL: |  1  2  3  4  5  6  7  8  9 10 11 12 13 14 15 16 17 18 19 20 21 22 23 24 25 26 27 |
---------------+----------------------------------------------------------------------------------+-----
Axes           | 4 |  4.2
Armour         | 1 2 3 4 6 7 8 9 10 11 12 13 14 15 16 17 18 19 20 21 | 21.0
Fighting       | 4 5 6 7 8 9 10 11 12 13 14 15 16 17 18 19 20 | 20.7
Long Blades    | 1 2 4 6 8 10 11 13 14 15 16 17 18 19 20 21 22 23 24 25 | 25.0
Dodging        | 4 5 6 7 8 9 10 11 12 13 14 15 16 17 18 19 | 19.0
Invocations    | 4 6 8 9 10 12 13 14 15 16 17 18 19 20 21 22 | 22.9
Stealth        | 2 3 5 6 7 8 9 10 11 12 13 14 15 | 15.1
Evocations     | 2 4 5 6 7 8 9 10 11 12 13 14 | 14.4
Shields        | 4 8 10 12 13 15 17 18 19 20 | 20.6
Earth Magic    | 1 4 |  4.0
Translocations | 1 4 |  4.0
Transmutations | 1 4 |  4.0
Throwing       | 5 |  5.0
Spellcasting   | 3 |  3.4

Action                     |  1- 3 |  4- 6 |  7- 9 | 10-12 | 13-15 | 16-18 | 19-21 | 22-24 | 25-27 || total
---------------------------+-------+-------+-------+-------+-------+-------+-------+-------+-------++-------
  Melee: Hand axe          |    66 |   131 |   148 |       |       |       |       |       |       ||   345
         Headbutt          |    22 |    37 |    73 |    75 |   227 |   212 |   465 |   502 |   369 ||  1982
         Punch             |     1 |     1 |     7 |     4 |    11 |    14 |    28 |     1 |       ||    67
         War axe           |       |       |   114 |       |       |       |       |       |       ||   114
         Scimitar          |       |       |    57 |   148 |    21 |       |       |       |       ||   226
         Katana            |       |       |       |   236 |  1001 |  1110 |  1882 |  1550 |  1303 ||  7082
 Invoke: Grand Finale      |       |       |       |     1 |       |     2 |     1 |     4 |       ||     8
         Line Pass         |       |       |       |     1 |       |     1 |     3 |     2 |     6 ||    13
         Stomp             |       |       |       |       |       |       |     1 |     2 |     1 ||     4
Ability: Evoke Invisibilit |       |       |       |       |       |       |       |     1 |     3 ||     4
  Evoke: Wand              |       |       |     4 |     6 |     5 |     4 |     1 |     6 |     6 ||    32
         Piece from Xom's  |       |       |     1 |     8 |       |     3 |       |     6 |       ||    18
         Tin of tremorston |       |       |       |       |       |       |       |       |     3 ||     3
         Condenser vane    |       |       |       |       |       |       |       |       |     3 ||     3
    Use: Potion            |       |     6 |     1 |     3 |     1 |     7 |     2 |     4 |    23 ||    47
         Scroll            |       |     3 |    11 |    10 |     3 |     2 |       |    10 |    17 ||    56
   Stab: Sleeping          |     3 |       |       |     3 |    20 |    36 |    89 |    46 |    12 ||   209
         Paralysed         |       |       |     5 |    39 |   109 |   128 |   175 |   165 |   133 ||   754
         Petrified         |       |       |       |     4 |       |       |       |       |       ||     4
         Invisible         |       |       |       |     2 |       |       |       |     2 |     4 ||     8
         Distracted        |       |       |       |       |     8 |     8 |    14 |    12 |    16 ||    58
         Confused          |       |       |       |       |       |       |       |     4 |     3 ||     7
 Armour: Robe              |     6 |       |       |       |       |       |       |       |       ||     6
         Ring mail         |       |    18 |       |       |       |       |       |       |       ||    18
         Chain mail        |       |    49 |   212 |   140 |       |       |       |       |       ||   401
         Skin              |       |     3 |       |       |       |       |       |       |       ||     3
         Quicksilver drago |       |       |       |    11 |   178 |   185 |   277 |   293 |   165 ||  1109
         Plate armour      |       |       |       |       |       |       |       |       |   399 ||   399
  Dodge: Dodged            |    38 |    73 |   139 |   141 |   384 |   420 |   992 |   852 |   743 ||  3782
  Block: Buckler           |       |       |       |       |       |       |       |    90 |    43 ||   133

Table legend: (Time is in decaauts)
 A = Elapsed time spent in this place.
 B = Non-inter-level travel time spent in this place.
 C = Inter-level travel time spent in this place.
 D = Time resting spent in this place.
 E = Time spent auto-exploring this place.
 F = Levels seen in this place.
 G = Mean time per level.
                   A        B        C        D        E       F      G
               +--------+--------+--------+--------+--------+-----+--------+
         Total |  56875 |  51866 |   5009 |   5902 |  32327 |  69 |  824.3 |
       Dungeon |  16783 |  14855 |   1928 |   2514 |   9717 |  15 | 1118.9 |
        Temple |    177 |    151 |     26 |      0 |    137 |   1 |  177.0 |
          Lair |   6395 |   5770 |    625 |    225 |   4204 |   5 | 1279.0 |
        Shoals |   3457 |   3215 |    242 |    230 |   1958 |   4 |  864.2 |
     Snake Pit |   3369 |   3254 |    115 |    138 |   2260 |   4 |  842.2 |
  Orcish Mines |   1407 |   1145 |    262 |     62 |    839 |   2 |  703.5 |
   Elven Halls |   4560 |   4144 |    416 |    762 |   2022 |   3 | 1520.0 |
        Vaults |   6686 |   6394 |    292 |    333 |   4463 |   5 | 1337.2 |
        Depths |   5200 |   4659 |    541 |    239 |   3300 |   4 | 1300.0 |
           Zot |   5564 |   5006 |    558 |    602 |   2771 |   5 | 1112.8 |
         Abyss |    348 |    348 |      0 |      4 |     89 |   1 |  348.0 |
      Ziggurat |   1457 |   1457 |      0 |    293 |    225 |  17 |   85.7 |
         Trove |     98 |     98 |      0 |      0 |      7 |   1 |   98.0 |
      Ice Cave |    817 |    817 |      0 |    372 |    134 |   1 |  817.0 |
      Gauntlet |    550 |    550 |      0 |    125 |    198 |   1 |  550.0 |
               +--------+--------+--------+--------+--------+-----+--------+

Top non-repeatable levels by time:
   Elf:3: 2529 daAuts
   Zot:1: 2039 daAuts
     D:5: 1832 daAuts
     D:8: 1557 daAuts
  Lair:5: 1548 daAuts
Vaults:5: 1537 daAuts
Depths:2: 1503 daAuts
Depths:4: 1455 daAuts
     D:3: 1434 daAuts
  Lair:1: 1417 daAuts
Vaults:4: 1363 daAuts
Vaults:3: 1353 daAuts
Vaults:1: 1334 daAuts
    D:10: 1319 daAuts
    D:11: 1303 daAuts
